Map: Blackpink LE

Players

HeRoMaRinE - Winner!

  • Race: Terran Terran
  • Spawn Location: 1:00

Elazer

  • Race: Zerg Zerg
  • Spawn Location: 7:00

Event: IEM Season 12 - Katowice

VOD

Have the link to the VOD?

Description

Time

  • Played on: March 2, 2018, 11:03 a.m.
  • Length: 12:03

All games in this series

Show
View Real Time Build Order
Export as new Build Order

HeRoMaRinE Terran - Winner!

Build Orders: Gas First Reaper Expand, Reaper Expand, Hellion Banshee, Mech 

Get SALT Encoding   

  12  0:00  SCV  
  13  0:12  SCV  
  14  0:17  Supply Depot  
  14  0:24  SCV  
  15  0:29  Refinery  
  15  0:39  SCV  
  16  0:44  Barracks  
  16  0:51  SCV  
  17  1:03  SCV  
  18  1:15  SCV  
  19  1:31  Reaper, Orbital Command  
  20  1:42  Command Center  
  20  1:53  Factory  
  20  1:57  SCV  
  21  2:05  Barracks Reactor  
  21  2:09  SCV  
  21  2:13  Supply Depot  
  22  2:16  Refinery  
  22  2:21  SCV  
  23  2:35  SCV  
  24  2:43  Starport  
  24  2:46  Hellion x2  
  24  2:47  SCV  
  24  2:50  Marine  
  30  2:54  Orbital Command  
  30  2:59  SCV  
  31  3:08  Hellion x2  
  31  3:11  SCV  
  36  3:21  SCV  
  36  3:23  Viking, SCV  
  40  3:29  Hellion  
  40  3:32  Hellion  
  45  3:36  Supply Depot  
  45  3:39  Barracks Tech Lab  
  45  3:40  SCV x2  
  46  3:56  Armory  
  46  3:58  Cyclone, Supply Depot, Hellion  
  46  4:02  SCV  
  52  4:03  SCV  
  52  4:09  Cloaking Field  
  53  4:20  SCV x2, Banshee  
  53  4:21  Supply Depot  
  62  4:36  SCV x2  
  60  4:42  Cyclone  
  60  4:43  Supply Depot  
  63  4:48  SCV x2  
  63  4:51  Cyclone  
  68  4:54  Supply Depot  
  68  5:00  SCV x2  
  65  5:09  Banshee  
  65  5:12  SCV x2  
  70  5:15  Hellion  
  70  5:19  Command Center  
  70  5:24  Hellion, SCV x2  
  74  5:28  Supply Depot  
  74  5:29  Refinery  
  74  5:30  Refinery  
  74  5:36  Hellion, SCV x2  
  74  5:49  SCV x2  
  63  5:57  Banshee  
  63  6:01  SCV x2  
  68  6:05  Hellion x2  
  68  6:06  Factory x2  
  72  6:13  SCV x2  
  74  6:20  Terran Vehicle Weapons Level 1  
  74  6:21  Barracks Tech Lab  
  74  6:25  SCV x2  
  73  6:26  Hellion x2  
  77  6:32  Orbital Command  
  77  6:37  SCV x2  
  79  6:40  Banshee  
  79  6:42  Supply Depot x2  
  76  6:47  Hellion  
  76  6:48  Hellion  
  76  6:49  SCV x2  
  76  6:51  Hellion x2  
  78  6:56  Orbital Command  
  78  7:01  Supply Depot, SCV x2, Refinery  
  78  7:05  Refinery  
  80  7:08  Thor  
  80  7:09  Factory Tech Lab  
  90  7:15  Hellion x2  
  90  7:16  Factory  
  90  7:17  SCV  
  90  7:18  SCV, Factory  
  90  7:19  Supply Depot  
  92  7:24  SCV  
  92  7:28  Siege Tank  
  92  7:29  SCV  
  97  7:30  SCV  
  97  7:34  Starport Reactor, Supply Depot  
  97  7:36  SCV  
  99  7:41  SCV  
  99  7:44  SCV  
  99  7:47  Supply Depot  
  99  7:48  SCV  
  100  7:51  Siege Tank  
  100  7:53  Hellion x2, SCV  
  100  7:55  Infernal Pre-Igniter  
  108  7:59  Supply Depot x2  
  108  8:00  Siege Tank  
  111  8:14  SCV x3  
  111  8:17  Starport Reactor  
  111  8:19  Siege Tank  
  121  8:20  Cyclone x2  
  121  8:23  Supply Depot  
  121  8:24  Siege Tank  
  121  8:25  Hellion x2  
  130  8:33  Siege Tank  
  133  8:37  Command Center  
  133  8:38  Terran Vehicle And Ship Armor Level 1  
  133  8:46  Hellion  
  133  8:47  Supply Depot, Hellion  
  137  8:52  Engineering Bay  
  137  8:53  Hellion x2  
  141  8:57  Viking x2  
  141  8:58  Siege Tank  
  141  9:00  Siege Tank  
  148  9:08  Hellion x2  
  152  9:12  Supply Depot  
  152  9:13  Hellion x4  
  152  9:14  Supply Depot, Hellion x2  
  159  9:17  Siege Tank  
  159  9:26  Missile Turret  
  159  9:29  Viking  
  159  9:30  Siege Tank  
  159  9:31  Hellion x2  
  168  9:32  Viking, Siege Tank  
  168  9:35  Hellion x2  
  177  9:43  Hellion x9  
  174  9:49  Sensor Tower, Siege Tank  
  174  9:52  Hellion x2  
  181  9:57  Hellion  
  181  9:58  Hellion  
  183  10:02  Siege Tank, Armory  
  183  10:04  Hellion  
  177  10:18  Viking x2  
  177  10:21  Missile Turret, Siege Tank  
  184  10:22  Refinery x2  
  184  10:23  Missile Turret  
  184  10:24  Hellion x2  
  188  10:32  Siege Tank  
  187  10:36  Hellion  
  187  10:38  Hellion x2  
  186  10:48  Viking x2  
  184  10:53  Hellion x2, Siege Tank  
  184  10:56  SCV x2  
  189  10:58  Hellion  
  189  11:00  Planetary Fortress  
  191  11:04  Hellion  
  191  11:09  Siege Tank  
  187  11:16  Hellion x2, Siege Tank  
  190  11:19  Hellion  
  190  11:25  Siege Tank  
  194  11:26  Viking x2  
  194  11:30  SCV x3  
  174  11:48  SCV  
Show
View Real Time Build Order
Export as new Build Order

Elazer Zerg 

Build Orders: Hatch First, Roach Hydra 

Get SALT Encoding   

  12  0:00  Drone  
  13  0:13  Overlord  
  13  0:17  Drone  
  14  0:31  Drone x2  
  16  0:48  Hatchery  
  15  0:50  Drone  
  15  0:54  Drone  
  17  0:57  Drone  
  18  1:08  Extractor  
  17  1:13  Spawning Pool  
  17  1:16  Drone  
  17  1:19  Drone  
  18  1:28  Drone  
  19  1:39  Drone  
  20  1:50  Drone  
  21  2:00  Queen x2  
  21  2:01  Zergling x4  
  27  2:14  Hatchery  
  26  2:19  Overlord  
  26  2:21  Drone  
  27  2:24  Drone  
  27  2:29  Metabolic Boost  
  28  2:38  Queen  
  28  2:42  Drone  
  28  2:43  Drone  
  32  2:46  Drone  
  32  2:50  Overlord  
  33  2:53  Drone  
  33  2:55  Drone  
  33  2:58  Drone  
  36  3:09  Drone x2  
  36  3:12  Drone  
  39  3:13  Drone  
  39  3:14  Queen  
  39  3:18  Overlord  
  42  3:22  Drone  
  42  3:23  Drone  
  44  3:31  Roach Warren  
  43  3:34  Overlord  
  43  3:37  Drone x2  
  43  3:40  Zergling x4  
  47  3:41  Zergling x2  
  47  3:43  Drone  
  47  3:47  Drone  
  50  3:49  Drone x2  
  52  3:56  Drone x3, Extractor x2  
  52  3:58  Overlord  
  53  4:05  Overlord  
  53  4:11  Roach  
  53  4:12  Roach  
  53  4:14  Overlord  
  53  4:16  Roach  
  61  4:17  Roach  
  61  4:21  Roach x2  
  61  4:24  Roach x2  
  67  4:29  Overlord  
  69  4:32  Drone x2  
  69  4:36  Drone x2  
  73  4:39  Overlord  
  73  4:41  Drone x2  
  74  4:47  Overlord  
  74  4:48  Drone x2  
  74  4:52  Drone x2  
  78  4:55  Lair  
  76  5:00  Overlord  
  76  5:06  Drone x3  
  73  5:11  Roach x3  
  76  5:19  Roach x4  
  81  5:25  Roach x3  
  81  5:28  Overlord  
  87  5:30  Roach x2  
  87  5:35  Queen  
  91  5:42  Roach x4  
  93  5:45  Queen  
  93  5:49  Roach x2  
  95  5:53  Overseer  
  95  5:56  Glial Reconstitution  
  91  5:58  Drone x2  
  91  6:00  Drone  
  91  6:02  Drone x2  
  94  6:04  Drone  
  94  6:05  Drone  
  94  6:10  Queen  
  94  6:11  Drone x3  
  99  6:13  Drone  
  99  6:14  Drone  
  98  6:19  Drone x3  
  98  6:24  Spore Crawler  
  98  6:25  Overlord  
  99  6:26  Drone x2  
  99  6:29  Overlord  
  101  6:33  Drone  
  101  6:35  Drone  
  101  6:39  Queen, Overlord  
  105  6:41  Drone  
  105  6:44  Drone x3  
  105  6:45  Drone x2  
  101  6:50  Hydralisk Den  
  101  6:51  Extractor  
  101  6:52  Drone  
  97  6:54  Drone  
  97  6:55  Drone x2  
  97  6:56  Drone  
  97  6:59  Extractor  
  97  7:00  Extractor  
  86  7:01  Spore Crawler  
  86  7:05  Evolution Chamber  
  86  7:06  Drone  
  86  7:07  Spore Crawler  
  84  7:08  Evolution Chamber, Drone  
  84  7:09  Drone  
  85  7:17  Overlord  
  85  7:21  Muscular Augments  
  85  7:23  Drone  
  85  7:28  Roach x3  
  92  7:35  Zerg Missile Weapons Level 1, Zerg Ground Armor Level 1  
  92  7:39  Hydralisk x5  
  102  7:50  Hydralisk  
  102  7:51  Hydralisk x3  
  108  7:59  Overlord  
  108  8:03  Hydralisk x3  
  110  8:06  Overlord  
  110  8:09  Hydralisk x2  
  114  8:15  Overlord  
  114  8:16  Infestation Pit  
  113  8:20  Roach x3  
  113  8:21  Overlord  
  113  8:25  Hatchery  
  118  8:28  Drone x5  
  118  8:30  Overlord  
  123  8:35  Drone x5  
  123  8:39  Grooved Spines  
  123  8:41  Overlord  
  128  8:42  Hydralisk x4  
  128  8:47  Extractor  
  135  8:48  Hydralisk  
  135  8:54  Hive  
  137  8:56  Extractor  
  136  9:06  Roach x7  
  150  9:12  Drone x7  
  157  9:20  Overlord  
  155  9:25  Roach  
  155  9:26  Roach x2  
  155  9:30  Spire  
  155  9:31  Roach  
  162  9:32  Overlord  
  162  9:39  Hatchery  
  162  9:44  Roach x6  
  171  9:53  Overlord  
  169  10:01  Overlord  
  169  10:02  Drone x2  
  169  10:03  Drone  
  169  10:06  Spine Crawler  
  171  10:08  Spine Crawler  
  166  10:16  Hydralisk x6  
  166  10:19  Roach x3  
  176  10:26  Overseer  
  176  10:31  Roach x6  
  184  10:37  Viper  
  169  10:43  Roach x6  
  167  10:52  Roach x8  
  165  10:59  Roach x5  
  175  11:08  Hydralisk x3  
  172  11:24  Hydralisk  
  172  11:25  Hydralisk x4  
  161  11:37  Hatchery  
  161  11:38  Hydralisk  
  161  11:39  Hydralisk x5  

Tags
 
Add a new tag
Caveats
  • Supply blocks, unpowered buildings, or Contaminate may cause inaccurate times.
  • Supply counts are checked every 10 seconds.